 Dungeon Crawl Stone Soup version 0.31-a0-303-gdc8c9485ea (webtiles) character file.

Game seed: 1489509052552033879

421 tkbsonic5 the Conjurer (level 6, -13/47 (54) HPs)
             Began as an Armataur Reaver on July 17, 2023.
             Mangled by Menkaure (22 damage)
             ... on level 3 of the Dungeon.
             The game lasted 00:17:04 (3418 turns).

tkbsonic5 the Conjurer (Armataur Reaver)            Turns: 3418, Time: 00:17:05

HP:   -13/47 (54)   AC:  7    Str: 17    XL:     6   Next: 62%
MP:   9/9           EV:  8    Int: 15    God:
Gold: 154           SH:  0    Dex:  9    Spells: 7/10 levels left

rFire   . . .        q - +0 quarterstaff
rCold   . . .        (shield currently unavailable)
rNeg    . . .        l - +0 ring mail
rPois   .            j - +0 helmet
rElec   .            (no cloak)
rCorr   .            (no gloves)
SInv    .            (no barding)
Will    .....        (no amulet) Stlth
                     (no ring)
HPRegen 0.27/turn    (no ring)
MPRegen 0.11/turn

%: roll
@: heavily drained
A: large, rugged brown scales 3, deformed body, armoured tail, roll, long
tongue, awkward tongue
a: no special abilities


You were on level 3 of the Dungeon.
You visited 1 branch of the dungeon, and saw 4 of its levels.

You collected 154 gold pieces.

Inventory:

Hand Weapons
 a - a +0 mace
 g - a +0 trident of venom {stocking}
 k - a +3 club
 q - a +0 quarterstaff (weapon)
Missiles
 d - 5 poisoned darts (quivered)
Armour
 b - a +0 leather armour
 c - an orb of mayhem
 i - a +0 chain mail
 j - a +0 helmet (worn)
 l - a +0 ring mail (worn)
Jewellery
 f - a ring of ice
Potions
 h - a potion of cancellation
 m - a potion of mutation


   Skills:
 + Level 3.1 Fighting
 - Level 3.4 Maces & Flails
 - Level 1.6 Polearms
 * Level 0.0(2.3) Staves
 - Level 2.0 Armour
 - Level 1.3 Dodging
 + Level 2.5 Spellcasting
 * Level 3.7 Conjurations
 + Level 1.7 Necromancy
 + Level 1.8 Translocations


You had 7 spell levels left.
You knew the following spells:

 Your Spells              Type           Power      Damage    Failure   Level
a - Kiss of Death         Conj/Necr      40%        2d8       12%         1
b - Momentum Strike       Conj/Tloc      20%        3d8       19%         2

Your spell library contained the following spells:

 Spells                   Type           Power      Damage    Failure   Level
 Slow                     Hex            4%         N/A       36%         1
 Hailstorm                Conj/Ice       7%         3d4       45%         3
 Vampiric Draining        Necr           7%         2d6       50%         3
 Confusing Touch          Hex            1%         N/A       75%         3


Dungeon Overview and Level Annotations

Branches:
Dungeon (4/15)
 Temple: D:4-7

Altars:
Elyvilon

Annotations:
D:3 Menkaure
D:4 Blork the orc, Sigmund


Innate Abilities, Weirdness & Mutations

You are completely covered in rugged brown scales. (AC +3, +7% HP)
Armour fits poorly on your strangely shaped body.
You have a long armoured tail.
You roll when moving toward enemies. (Rampage)
Your long tongue fully drains potion bottles. (2x potion effects)
Your tongue gives you trouble enunciating. (1.5x scroll delay)


Message History

The adder bites you but does no damage.
You barely miss the adder. The adder barely misses you.
The adder closely misses you.
Menkaure calls on the powers of darkness!
The adder convulses!
Your body is wracked with pain!
* * * LOW HITPOINT WARNING * * *
You feel better.
You slurp down every last drop of the potion of curing!
The adder bites you but does no damage.
As you slowly read the scroll labelled WOKUBRUYSO, it crumbles to dust.
You feel momentarily disoriented.
It was a scroll of revelation.
The adder bites you but does no damage. x2
Okay, then.
You aren't carrying any scrolls.
The adder bites you but does no damage. The adder attacks as you move away!
The adder barely misses you.
Menkaure casts a spell.
Menkaure seems to speed up.
You closely miss the adder.
The adder is moderately wounded.
The adder completely misses you. The adder bites you but does no damage.
You miss the adder.
The adder is moderately wounded.
The adder bites you. The adder barely misses you.
You closely miss the adder.
The adder is moderately wounded.
The adder closely misses you.
You barely miss the adder.
Your tail-slap misses the adder.
The adder is moderately wounded.
The adder misses you. The adder closely misses you.
Menkaure's bandages flutter.
You sock the adder!
You kill the adder!
You barely miss Menkaure. Menkaure barely misses you.
You hit Menkaure.
Menkaure is lightly damaged.
Menkaure hits you!
* * * LOW HITPOINT WARNING * * *
Menkaure hits you!!
You die...

###### #....# # #....#
# #....# ##########
#..).# #.........
#....#######......###
###..........#......# #
###....####.........###
######@####............
######M####............
######.####...#########
#.......###........# ##
#.......###........# #.
#.......######.....# #.
#.........M..#.....###.
#.......##.............
#.......##.###.....####


You could see Menkaure (fast).

Vanquished Creatures
  A howler monkey (D:3)
  A hound (D:3)
  Jessica (D:2)
  Terence (D:2)
  Natasha (twice) (D:2)
  Robin (D:2)
  4 adders (D:3)
  A gnoll (D:3)
  3 dart slugs
  3 orcs
  7 ball pythons
  8 endoplasms
  A giant cockroach (D:3)
  9 hobgoblins
  9 bats
  A frilled lizard (D:2)
  12 goblins
  6 kobolds
  4 rats
75 creatures vanquished.

Vanquished Creatures (collateral kills)
  A scorpion (D:4)
  2 hound zombies (D:4)
  A hound skeleton (D:4)
  A gnoll (D:4)
5 creatures vanquished.

Vanquished Creatures (others)
  A gnoll (D:4)
1 creature vanquished.

Grand Total: 81 creatures vanquished

Notes
Turn   | Place    | Note
-------+----------+-------------------------------------------
     0 | D:1      | tkbsonic5 the Armataur Reaver began the quest for the Orb.
     0 | D:1      | Reached XP level 1. HP: 18/18 MP: 3/3
   296 | D:1      | Reached XP level 2. HP: 15/25 MP: 4/4
   612 | D:1      | Reached skill level 1 in Armour
   728 | D:1      | Found a faded altar of an unknown god.
   880 | D:2      | Reached XP level 3. HP: 31/31 MP: 4/6
   885 | D:2      | Learned a level 2 spell: Momentum Strike
   935 | D:2      | Noticed Robin
   946 | D:2      | Killed Robin
  1185 | D:2      | Noticed Natasha
  1192 | D:2      | Killed Natasha
  1193 | D:2      | Reached skill level 1 in Polearms
  1193 | D:2      | Reached XP level 4. HP: 23/39 MP: 7/7
  1308 | D:2      | Noticed Terence
  1326 | D:2      | Killed Terence
  1327 | D:2      | Reached skill level 1 in Necromancy
  1431 | D:2      | Noticed Natasha
  1445 | D:2      | Killed Natasha
  1446 | D:2      | Reached skill level 1 in Translocations
  1446 | D:2      | Reached XP level 5. HP: 27/32 MP: 6/8
  1805 | D:2      | Noticed Jessica
  1809 | D:2      | Killed Jessica
  2025 | D:3      | Found a white marble altar of Elyvilon.
  2783 | D:4      | Reached XP level 6. HP: 34/41 MP: 9/9
  2870 | D:4      | Noticed Blork the orc
  2955 | D:4      | Noticed Sigmund
  2982 | D:4      | Noticed Menkaure
  3418 | D:3      | Mangled by Menkaure

Illustrated notes

Levels and vault maps discovered:
D:1:      elethiomel_arrival_maze, layout_basic,
          shapermc_ecumenical_altar_mp_ritualfount, st_stairs_13
D:2:      layout_basic, hangedman_decor_clover_reticule, nicolae_titane,
          uniq_robin, uniq_jessica, uniq_natasha, uniq_terence
D:3:      layout_basic, mainiacjoe_overflow_six_doors_small
D:4:      layout_cave_pools, serial_undead, serial_undead_e, serial_undead_b,
          serial_undead_a, serial_undead_b, serial_undead_e, serial_undead_a,
          chequers_serial_rivers_small_b, kennysheep_windowed_goal,
          uniq_sigmund, uniq_blork_the_orc, uniq_menkaure

Skill      XL: |  1  2  3  4  5  6 |
---------------+-------------------+-----
Fighting       | 2 3 |  3.1
Armour         | 1 2 |  2.0
Spellcasting   | 2 |  2.5
Polearms       | 1 |  1.6
Conjurations   | 3 |  3.7
Necromancy     | 1 |  1.7
Translocations | 1 |  1.8
Maces & Flails | 3 |  3.4
Dodging        | |  1.3

Action                     |  1- 3 |  4- 6 || total
---------------------------+-------+-------++-------
  Melee: Mace              |    46 |       ||    46
         Tailslap          |    10 |     9 ||    19
         Punch             |     1 |     1 ||     2
         Trident           |    46 |    36 ||    82
         Club              |       |    55 ||    55
         Quarterstaff      |       |    14 ||    14
  Throw: Dart              |    23 |     9 ||    32
   Cast: Kiss of Death     |       |     5 ||     5
         Momentum Strike   |       |     1 ||     1
    Use: Scroll            |     5 |     4 ||     9
         Potion            |     1 |     2 ||     3
 Armour: Leather armour    |    31 |    22 ||    53
         Chain mail        |       |    33 ||    33
         Ring mail         |       |    16 ||    16
  Dodge: Dodged            |    23 |    55 ||    78

Table legend: (Time is in decaauts)
 A = Elapsed time spent in this place.
 B = Non-inter-level travel time spent in this place.
 C = Inter-level travel time spent in this place.
 D = Time resting spent in this place.
 E = Time spent auto-exploring this place.
 F = Levels seen in this place.
 G = Mean time per level.
                   A        B        C        D        E       F      G
               +--------+--------+--------+--------+--------+-----+--------+
         Total |   3469 |   3320 |    149 |    484 |   2004 |   4 |  867.2 |
       Dungeon |   3469 |   3320 |    149 |    484 |   2004 |   4 |  867.2 |
               +--------+--------+--------+--------+--------+-----+--------+

Top non-repeatable levels by time:
     D:3: 1511 daAuts
     D:2: 1061 daAuts
     D:1: 841 daAuts
     D:4: 55 daAuts
